[Event "*** Titled Tuesday Blitz"]
[Site "Chess.com"]
[Date "2019.03.05"]
[Round "9"]
[White "saraswathii"]
[Black "jbj"]
[Result "0-1"]
[WhiteElo "2264"]
[BlackElo "2598"]
[TimeControl "180+2"]
[EndTime "15:07:26 PST"]
[Termination "jbj won by resignation"]

1. d4 e6 2. Bf4 c5 3. c3 cxd4 4. cxd4 b6 5. e3 Bb7 6. Nf3 Nf6 7. Bd3 Be7 8. O-O O-O 9. Nc3 d6 10. Rc1 Nbd7 11. Nb5 e5 12. dxe5 dxe5 13. Bg3 e4 14.
Bc7 Qe8 15. Nd6 Bxd6 16. Bxd6 exf3 17. gxf3 Ne5 0-1

[Event "*** Titled Tuesday Blitz"]
[Site "Chess.com"]
[Date "2019.03.05"]
[Round "9"]
[White "MaxiAMueller"]
[Black "pedro_gines"]
[Result "1-0"]
[WhiteElo "2367"]
[BlackElo "2396"]
[TimeControl "180+2"]
[EndTime "15:08:14 PST"]
[Termination "MaxiAMueller won by resignation"]

1. e4 c6 2. Ne2 d5 3. e5 Bg4 4. f3 Bh5 5. Nf4 Bg6 6. e6 f6 7. d4 f5 8. h4 Nf6 9. h5 Bxh5 10.
Nxh5 g6 11. Nf4 Bg7 12. Bd3 Na6 13. c3 Nc7 14. Nd2 Qd6 15. Nb3 Nxe6 16. Nxe6 Qxe6+ 17. Qe2 Qxe2+ 18. Kxe2 O-O 19. Bh6 Nh5 20. Bxg7 Kxg7 21.
Kf2 Rae8 22. Rae1 f4 23. Nc5 Kf6 24. Nd7+ Kg5 25. Nxf8 Rxf8 26. Rxe7 h6 27. Rxb7 Re8 28. Re1 1-0

[Event "*** Titled Tuesday Blitz"]
[Site "Chess.com"]
[Date "2019.03.05"]
[Round "9"]
[White "MITerryble"]
[Black "mishanick"]
[Result "1/2-1/2"]
[WhiteElo "2835"]
[BlackElo "2980"]
[TimeControl "180+2"]
[EndTime "15:08:26 PST"]
[Termination "Game drawn by agreement"]

1. d4 Nf6 2. Nf3 d5 3. c4 e6 4.
e3 Be7 5. b3 O-O 6. Bd3 c5 7.
dxc5 Bxc5 8. O-O Nbd7 9. Bb2 b6 10. cxd5 Nxd5 11. a3 Bb7 12. Qe2 Qe7 13. Nbd2 Rad8 14. Ne4 N5f6 15. Nxc5 Nxc5 16. Bc4 Bd5 17. b4 Nce4 18.
Rac1 Nd6 1/2-1/2

[Event "*** Titled Tuesday Blitz"]
[Site "Chess.com"]
[Date "2019.03.05"]
[Round "9"]
[White "DanielMieles1985"]
[Black "GadimbayliA"]
[Result "1-0"]
[WhiteElo "2702"]
[BlackElo "2835"]
[TimeControl "180+2"]
[EndTime "15:09:00 PST"]
[Termination "DanielMieles1985 won by resignation"]

1. d4 Nf6 2. c4 e6 3. Nc3 Bb4 4. Qc2 c5 5. dxc5 Nc6 6. Nf3 O-O 7. Bg5 Bxc5 8. a3 Be7 9. e3 d5 10. Rd1 Qa5 11. Bd3 h6 12. Bh4 dxc4 13.
Bxc4 e5 14. O-O Bg4 15. Bxf6 Bxf6 16. Nd5 Rac8 17. Nxf6+ gxf6 18. Qg6+ 1-0

[Event "*** Titled Tuesday Blitz"]
[Site "Chess.com"]
[Date "2019.03.05"]
[Round "9"]
[White "Kampkatten"]
[Black "LarissaSteenbekkers"]
[Result "1-0"]
[WhiteElo "2736"]
[BlackElo "2020"]
[TimeControl "180+2"]
[EndTime "15:09:09 PST"]
[Termination "Kampkatten won by resignation"]

1. e4 e6 2. d4 d5 3. exd5 exd5 4.
Nf3 Bd6 5. c4 c6 6. Nc3 Nf6 7.
Bg5 Nbd7 8. cxd5 cxd5 9. Nxd5 O-O 10. Be2 Qa5+ 11. Nc3 Ne4 12. Bd2 Nxd2 13. Qxd2 Nf6 14. O-O Re8 15. Rfe1 Bb4 16. a3 Bxc3 17. Qxc3 Qh5 18.
Ne5 Qg5 19. Bb5 Nd5 20. Qf3 Be6 21. Bxe8 Rxe8 22. Qg3 Qf6 23. Rac1 h5 24. Qf3 Qg5 25. g3 Nf6 26. Qf4 1-0

[Event "*** Titled Tuesday Blitz"]
[Site "Chess.com"]
[Date "2019.03.05"]
[Round "9"]
[White "TBergh98"]
[Black "GrandGlacier"]
[Result "1-0"]
[WhiteElo "2376"]
[BlackElo "2175"]
[TimeControl "180+2"]
[EndTime "15:09:13 PST"]
[Termination "TBergh98 won by resignation"]

1. d4 Nf6 2. Bg5 Ne4 3. Bf4 c5 4. f3 Nf6 5. d5 Qb6 6. Nc3 Qxb2 7.
Bd2 Qb6 8. e4 d6 9. a4 g6 10. Rb1 Qc7 11. Bc4 Bg7 12. Nge2 O-O 13. h4 b6 14. Qc1 Ba6 15. Bb5 Bxb5 16. Nxb5 Qd8 17. Bh6 e6 18. dxe6 fxe6 19. Bxg7 Kxg7 20. Nf4 Re8 21. h5 g5 22. h6+ Kh8 23. Nh3 g4 24. Ng5 Qe7 25. Nxd6 Nc6 26. Ngf7+ 1-0

[Event "*** Titled Tuesday Blitz"]
[Site "Chess.com"]
[Date "2019.03.05"]
[Round "9"]
[White "quesfr"]
[Black "LaughingTiger"]
[Result "1-0"]
[WhiteElo "2245"]
[BlackElo "2144"]
[TimeControl "180+2"]
[EndTime "15:09:21 PST"]
[Termination "quesfr won by resignation"]

1. e4 e5 2. Nf3 Nc6 3. d4 exd4 4.
Nxd4 Bc5 5. Nxc6 Qf6 6. Qf3 dxc6 7. Nc3 Qxf3 8. gxf3 Nf6 9. Be3 Bxe3 10. fxe3 Be6 11. Rg1 g6 12. Rd1 Ke7 13. Kf2 Rhd8 14. Bd3 Rd7 15. a3 Rad8 16. e5 Nd5 17. Ne4 Rb8 18. Be2 b6 19. c4 f5 20. cxd5 fxe4 21. dxe6 1-0

[Event "*** Titled Tuesday Blitz"]
[Site "Chess.com"]
[Date "2019.03.05"]
[Round "9"]
[White "Tjktiger"]
[Black "Koksik_13"]
[Result "1-0"]
[WhiteElo "2800"]
[BlackElo "2637"]
[TimeControl "180+2"]
[EndTime "15:09:22 PST"]
[Termination "Tjktiger won by resignation"]

1. d4 Nf6 2. c4 g6 3. Nc3 Bg7 4. e4 O-O 5. Be2 b6 6. e5 Ne8 7. Bf3 c6 8. h4 d6 9. exd6 exd6 10. h5 Nf6 11. hxg6 fxg6 12. Nge2 Bf5 13. Bg5 Nbd7 14. Bxc6 Rc8 15. Bb7 Rb8 16. Bf3 Rc8 17. Qd2 Kh8 18.
b3 Qe8 19. O-O Bg4 20. Bxg4 Nxg4 21. Ng3 Qf7 22. Nce4 Qe6 23. Rae1 d5 24. Nc3 Qd6 25.
Be7 Qb4 26. Bxb4 1-0

[Event "*** Titled Tuesday Blitz"]
[Site "Chess.com"]
[Date "2019.03.05"]
[Round "9"]
[White "BASSU1"]
[Black "dopolian"]
[Result "1-0"]
[WhiteElo "2112"]
[BlackElo "2175"]
[TimeControl "180+2"]
[EndTime "15:09:35 PST"]
[Termination "BASSU1 won by resignation"]

1. e4 e5 2. a3 Nf6 3. Nc3 Nc6 4. Nf3 a5 5. Bc4 Bc5 6. d3 O-O 7. h3 d6 8. Nh4 Be6 9. Ba2 Bxa2 10. Rxa2 Nxe4 11.
Nxe4 Qxh4 12. Bg5 Bxf2+ 13. Kf1 Qxe4 14. dxe4 Bc5 15. c3 f5 16. Ke2 fxe4 17. Be3 Bxe3 18.
Kxe3 Rf4 19. Qb3+ Kf8 20. Qxb7 Rd8 21. Qxc6 d5 22. Qxc7 Ke8 23. Qxe5+ 1-0

[Event "*** Titled Tuesday Blitz"]
[Site "Chess.com"]
[Date "2019.03.05"]
[Round "9"]
[White "Ibraev_Vasilj"]
[Black "Perecke"]
[Result "1-0"]
[WhiteElo "2169"]
[BlackElo "2045"]
[TimeControl "180+2"]
[EndTime "15:09:38 PST"]
[Termination "Ibraev_Vasilj won by resignation"]

1. Nf3 d5 2. g3 c5 3. Bg2 Nc6 4. d4 cxd4 5. Nxd4 Nf6 6. O-O e5 7. Nxc6 bxc6 8. c4 Be6 9. Qa4 Qd7 10. Bg5 Be7 11. Bxf6 Bxf6 12. Nc3 e4 13. Rfd1 Bxc3 14.
bxc3 O-O 15. cxd5 cxd5 16. Qxd7 Bxd7 17. Rxd5 Bc6 18. Rc5 Bb7 19. Rb1 Ba6 20. Bxe4 Rae8 21. Bd3 Bc8 22. Rc7 a5 23. Rb8 Bg4 24. Rxe8 Rxe8 25.
f3 Be6 26. c4 Kf8 27. Kf2 Rb8 28. Ra7 Rb4 29. Rxa5 1-0

[Event "*** Titled Tuesday Blitz"]
[Site "Chess.com"]
[Date "2019.03.05"]
[Round "9"]
[White "bootstar"]
[Black "marianokar"]
[Result "1-0"]
[WhiteElo "2604"]
[BlackElo "2440"]
[TimeControl "180+2"]
[EndTime "15:10:05 PST"]
[Termination "bootstar won by checkmate"]

1. e4 e5 2. Nf3 Nc6 3. Bb5 Nf6 4. Bxc6 dxc6 5. d3 Bd6 6. Nbd2 O-O 7. Nc4 Nd7 8. Qe2 c5 9. Bg5 f6 10. Bd2 Nb8 11.
O-O-O Nc6 12. Rdg1 Be6 13. Nxd6 cxd6 14. Kb1 Qd7 15.
g4 Bxg4 16. h3 Nd4 17. Nxd4 Bxe2 18. Nxe2 d5 19. f3 dxe4 20. fxe4 c4 21. Rg3 cxd3 22. Rxd3 Qe6 23. Nc3 Rad8 24. Nd5 f5 25. c4 fxe4 26.
Re3 Rxd5 27. cxd5 Qxd5 28. Bc3 Rf3 29. Ree1 e3 30. a3 Qe4+ 31. Ka1 e2 32. Rh2 Rf1 33. h4 Rxe1+ 34. Bxe1 Qf3 35. Rf2 Qd3 36. Ka2 Qd5+ 37. b3 Qd1 38. Bb4 e1=Q 39. Rf8# 1-0

[Event "*** Titled Tuesday Blitz"]
[Site "Chess.com"]
[Date "2019.03.05"]
[Round "9"]
[White "Vamostodorecto"]
[Black "W_Amadeus"]
[Result "0-1"]
[WhiteElo "2532"]
[BlackElo "2639"]
[TimeControl "180+2"]
[EndTime "15:10:27 PST"]
[Termination "W_Amadeus won by resignation"]

1. d4 d6 2. c4 Nf6 3. Nc3 Bf5 4.
f3 e5 5. d5 e4 6. Qa4+ Nbd7 7.
g4 Bg6 8. h4 h6 9. h5 Bh7 10.
Bg2 Be7 11. Nh3 O-O 12. O-O Re8 13. Be3 Nc5 14. Bxc5 dxc5 15. Nf2 e3 16. Nfe4 Nxe4 17. Nxe4 Bxe4 18. fxe4 Bd6 19. Rf3 Rxe4 20. Qc2 Rxg4 21. Qf5 Qh4 22. Kf1 Rxg2 0-1

[Event "*** Titled Tuesday Blitz"]
[Site "Chess.com"]
[Date "2019.03.05"]
[Round "9"]
[White "chesstatour"]
[Black "GelmanAlexander"]
[Result "0-1"]
[WhiteElo "2017"]
[BlackElo "2571"]
[TimeControl "180+2"]
[EndTime "15:10:39 PST"]
[Termination "GelmanAlexander won by resignation"]

1. c4 c5 2. Nc3 Nf6 3. Nf3 e6 4. d4 cxd4 5. Nxd4 d6 6. g3 Be7 7. Bg2 O-O 8. O-O a6 9. Nc2 Qc7 10. b3 d5 11. Bb2 dxc4 12. Rc1 Rd8 13. Qe1 cxb3 14. axb3 Qb6 15. Na1 Bd7 16. e4 Bc6 17. Kh1 Nbd7 18. f3 Nc5 19. Qf2 Qa7 20. Rc2 Nd3 21. Qxa7 Rxa7 22. h4 b5 23. Kh2 Rc7 24. Ne2 Nxb2 25. Rxb2 Bb7 26. Rc2 Rxc2 27. Nxc2 Rd2 28.
Ncd4 g6 29. Re1 e5 0-1

[Event "*** Titled Tuesday Blitz"]
[Site "Chess.com"]
[Date "2019.03.05"]
[Round "9"]
[White "JonahWillow"]
[Black "bascheyaro"]
[Result "0-1"]
[WhiteElo "2687"]
[BlackElo "2807"]
[TimeControl "180+2"]
[EndTime "15:10:52 PST"]
[Termination "bascheyaro won by resignation"]

1. e4 e6 2. d4 d5 3. Nd2 c5 4.
Ngf3 Nc6 5. exd5 exd5 6. Bb5 c4 7. O-O Bd6 8. Re1+ Ne7 9. c3 O-O 10. Ne5 Bf5 11. Ndf3 f6 12. Nxc6 Nxc6 13. Ba4 Qd7 14. Bc2 Rae8 15. Be3 b5 16. h3 a5 17. Qb1 Bxc2 18.
Qxc2 Re7 19. Bd2 Rfe8 20. Rxe7 Rxe7 21. Re1 g6 22. Re3 Kf7 23. Qb1 Rxe3 24. Bxe3 b4 25. Nd2 a4 26. Qd1 b3 27. axb3 cxb3 28. c4 Bb4 29. c5 Na5 30. Nb1 Nc4 31. Bc1 Qf5 32. c6 Qxb1 33. c7 Qf5 34. Qe2 Bd6 0-1

[Event "*** Titled Tuesday Blitz"]
[Site "Chess.com"]
[Date "2019.03.05"]
[Round "9"]
[White "DACF2905"]
[Black "SamCopeland"]
[Result "0-1"]
[WhiteElo "2068"]
[BlackElo "2047"]
[TimeControl "180+2"]
[EndTime "15:10:56 PST"]
[Termination "SamCopeland won by resignation"]

1. e4 Nf6 2. e5 Nd5 3. d4 d6 4. exd6 exd6 5. c4 Nb6 6. Nf3 Be7 7. Be3 O-O 8. Nc3 Be6 9. b3 d5 10. c5 Nc8 11. Bd3 Bf6 12. O-O Nc6 13. Ne2 Bg4 14.
Nf4 Nxd4 15. Bxd4 Bxd4 16. Bxh7+ Kxh7 17. Qxd4 Bxf3 18. gxf3 c6 19. Kh1 Ne7 20. Rg1 Nf5 21.
Qd3 g6 22. Ng2 Qf6 23. Ne3 Nh4 24. Rg3 Qxa1+ 25. Nf1 Qf6 26. f4 Rae8 27. Rh3 Re1 28. Kg1 Kg7 29. Rg3 Rfe8 30. Rh3 Qa1 31. Rxh4 Rxf1+ 32. Kg2 Rg1+ 33. Kh3 Qf1+ 0-1

[Event "*** Titled Tuesday Blitz"]
[Site "Chess.com"]
[Date "2019.03.05"]
[Round "9"]
[White "STAYFlow"]
[Black "The_Lost_Rogainer"]
[Result "1-0"]
[WhiteElo "2223"]
[BlackElo "2094"]
[TimeControl "180+2"]
[EndTime "15:10:59 PST"]
[Termination "STAYFlow won by checkmate"]

1. d4 Nf6 2. c4 e6 3. g3 d5 4. Nf3 Be7 5. Bg2 O-O 6. O-O dxc4 7. Qc2 a6 8. a4 Bd7 9. Qxc4 Bc6 10. Bf4 Nbd7 11. Nc3 Nb6 12. Qd3 a5 13. Rac1 Bd6 14. Bg5 Be7 15. e4 Nfd7 16. Bxe7 Qxe7 17. d5 exd5 18.
exd5 Bxa4 19. Nxa4 Nxa4 20. Rxc7 Nxb2 21. Qb5 a4 22. Rxd7 Qf6 23. Rxb7 a3 24. Ra1 Rfc8 25. h4 Qc3 26. Qd7 Qf6 27. Ng5 Rf8 28. Ra7 Nd3 29. Ra2 Nb4 30. R2xa3 Rxa7 31. Rxa7 h6 32. Ne4 Qd4 33. d6 Nd3 34. Qe7 Ne5 35. Qxf8+ Kxf8 36. Ra8# 1-0

[Event "*** Titled Tuesday Blitz"]
[Site "Chess.com"]
[Date "2019.03.05"]
[Round "9"]
[White "Cryptochess"]
[Black "severomorskij"]
[Result "0-1"]
[WhiteElo "2548"]
[BlackElo "2713"]
[TimeControl "180+2"]
[EndTime "15:11:03 PST"]
[Termination "severomorskij won by resignation"]

1. e4 c5 2. Nf3 Nc6 3. d4 cxd4 4. Nxd4 Nf6 5. Nc3 e5 6. Ndb5 d6 7. Bg5 a6 8. Na3 b5 9. Nd5 Be7 10. Bxf6 Bxf6 11. c3 O-O 12. Nc2 Bg5 13. Bd3 Be6 14.
O-O Bxd5 15. exd5 Ne7 16. a4 bxa4 17. Rxa4 a5 18. Ne3 f5 19. Nc4 Kh8 20. Qh5 Bh6 21. Rfa1 Nxd5 22. Bxf5 Qf6 23. Rxa5 Rxa5 24. Rxa5 Nf4 25.
Qg4 g6 26. g3 gxf5 27. Qd1 d5 28. Ne3 Nh3+ 29. Kg2 Nxf2 30. Kxf2 Bxe3+ 31. Kxe3 Qb6+ 0-1

[Event "*** Titled Tuesday Blitz"]
[Site "Chess.com"]
[Date "2019.03.05"]
[Round "9"]
[White "Lennis93"]
[Black "zeitnot2006"]
[Result "0-1"]
[WhiteElo "2237"]
[BlackElo "2201"]
[TimeControl "180+2"]
[EndTime "15:11:23 PST"]
[Termination "zeitnot2006 won by checkmate"]

1. e4 g6 2. Nf3 Bg7 3. d4 c6 4. Nc3 d5 5. h3 Nh6 6. Bf4 dxe4 7. Nxe4 O-O 8. Qd2 Nf5 9. O-O-O Nd6 10. Nc5 b6 11.
Nd3 Be6 12. Kb1 Nd7 13. Bh6 Nc4 14. Qc1 b5 15. h4 Qa5 16. a3 Bxh6 17. Qxh6 Nxa3+ 18.
bxa3 Qxa3 19. c4 bxc4 20. Kc2 Qa2+ 21. Kc1 Rab8 22. Nd2 cxd3 23. Bxd3 Qb2# 0-1

[Event "*** Titled Tuesday Blitz"]
[Site "Chess.com"]
[Date "2019.03.05"]
[Round "9"]
[White "vinniethepooh"]
[Black "JoachimMouhamad"]
[Result "1-0"]
[WhiteElo "2473"]
[BlackElo "2317"]
[TimeControl "180+2"]
[EndTime "15:11:27 PST"]
[Termination "vinniethepooh won by resignation"]

1. d4 Nf6 2. c4 g6 3. Nc3 Bg7 4. e4 d6 5. Be2 O-O 6. Nf3 e5 7.
O-O Nc6 8. d5 Ne7 9. b4 a5 10.
bxa5 Rxa5 11. a4 b6 12. Nd2 Ra6 13. c5 bxc5 14. Bxa6 Bxa6 15. Re1 Nh5 16. Nb5 f5 17. f3 c6 18. dxc6 Nxc6 19. Nc4 Bxb5 20. Qd5+ Kh8 21.
axb5 Nd4 22. Nxd6 Qh4 23. Be3 h6 24. Bf2 Qg5 25. Nf7+ Rxf7 26. Qxf7 Kh7 27. Ra8 Nxf3+ 28. Kh1 Nf6 29. gxf3 Qd2 30. Rg1 1-0

[Event "*** Titled Tuesday Blitz"]
[Site "Chess.com"]
[Date "2019.03.05"]
[Round "9"]
[White "Cryptinz"]
[Black "Atanejhad"]
[Result "1-0"]
[WhiteElo "2324"]
[BlackElo "2232"]
[TimeControl "180+2"]
[EndTime "15:11:30 PST"]
[Termination "Cryptinz won by resignation"]

1. e4 c5 2. Nf3 g6 3. d4 cxd4 4. Nxd4 Nc6 5. Nc3 Bg7 6. Be3 Nf6 7. Nb3 O-O 8. Be2 d6 9. O-O Be6 10. h3 Qc8 11. Qd2 Rd8 12. Nd5 Nxe4 13. Qd3 Bxd5 14. Qxd5 Qf5 15. Qd3 Bxb2 16. Bg4 Qe5 17.
f4 Qc3 18. Qxe4 Bxa1 19. Rxa1 d5 20. Qf3 d4 21. Bd2 Qc4 22. Qd3 Qxd3 23. cxd3 e5 24. Bf3 exf4 25. Bxf4 Rac8 26. Nc5 Nb4 27. Nxb7 Rd7 28.
Nd6 Rcd8 29. Ne4 Nd5 30. Bg5 Rb8 31. Nf6+ Nxf6 32. Bxf6 Rc8 33. Bg4 1-0

[Event "*** Titled Tuesday Blitz"]
[Site "Chess.com"]
[Date "2019.03.05"]
[Round "9"]
[White "nochewycandy"]
[Black "Jenia84"]
[Result "0-1"]
[WhiteElo "2370"]
[BlackElo "2200"]
[TimeControl "180+2"]
[EndTime "15:11:33 PST"]
[Termination "Jenia84 won by resignation"]

1. e4 e5 2. Nc3 Nf6 3. f4 d5 4.
fxe5 Nxe4 5. Qf3 Nxc3 6. dxc3 Be6 7. Ne2 c5 8. Nf4 Nc6 9. Bb5 Be7 10. O-O Qd7 11.
Qg3 g6 12. Nxe6 Qxe6 13. Bg5 a6 14. Bxc6+ bxc6 15. Bf6 O-O 16. Rae1 Rfe8 17. Qg5 Rab8 18. b3 c4 19. Rf4 cxb3 20. axb3 Bxf6 21. Rxf6 Qe7 22.
h4 Qc5+ 23. Kh2 Qxc3 24. Re3 Qxc2 25. e6 Rxe6 26. Rexe6 fxe6 27. Rxe6 Qf2 28. Qe5 Qxh4+ 29. Kg1 Rf8 30. Re7 Qf2+ 31. Kh1 Qf1+ 32. Kh2 Qf4+ 33. Qxf4 Rxf4 34. Re6 c5 35. Rxa6 c4 36. bxc4 dxc4 37.
Kg3 Rd4 38. Ra7 h5 39. Rc7 Rg4+ 40. Kf3 Kf8 41. g3 Ke8 42. Kf2 Kd8 43. Ra7 c3 44.
Ra3 Rc4 45. Ra1 c2 46. Rc1 Ke7 47. Kf3 Kf6 48. Kg2 Kg5 49. Kf3 Rc3+ 50. Kg2 Kg4 0-1

[Event "*** Titled Tuesday Blitz"]
[Site "Chess.com"]
[Date "2019.03.05"]
[Round "9"]
[White "Rashad_Zeynalli"]
[Black "LawrenceTrent"]
[Result "1-0"]
[WhiteElo "2424"]
[BlackElo "2524"]
[TimeControl "180+2"]
[EndTime "15:11:35 PST"]
[Termination "Rashad_Zeynalli won by resignation"]

1. e4 g6 2. d4 Bg7 3. Nc3 d6 4. f4 Nd7 5. Nf3 a6 6. Bd3 b5 7. e5 Nb6 8. a4 b4 9. Ne4 a5 10. O-O Nh6 11. Bb5+ Bd7 12. e6 fxe6 13. Nfg5 Bxb5 14.
Nxe6 Qd7 15. Nxg7+ Kf7 16. axb5 Kxg7 17. d5 Rhf8 18. Ng5 Kg8 19. Ne6 Rf5 20. Qd4 Rf7 21.
f5 Nxf5 22. Rxf5 gxf5 23. Be3 Rf6 24. Rf1 Rb8 25. Rf3 Nxd5 26. Rg3+ Kh8 27. Ng5 e6 28. Rh3 Rxb5 29. Nxh7 Kg7 30. Nxf6 Nxf6 31. Bg5 e5 32. Qh4 Kf7 33. Bxf6 Qc6 34. Qh7+ Ke6 35. Qg8+ 1-0

[Event "*** Titled Tuesday Blitz"]
[Site "Chess.com"]
[Date "2019.03.05"]
[Round "9"]
[White "NM2019"]
[Black "andy_rekt"]
[Result "1-0"]
[WhiteElo "2115"]
[BlackElo "2220"]
[TimeControl "180+2"]
[EndTime "15:11:37 PST"]
[Termination "NM2019 won on time"]

1. c4 e5 2. Nc3 Nf6 3. Nf3 Nc6 4.
g3 Bb4 5. Bg2 O-O 6. O-O e4 7. Ng5 Bxc3 8. dxc3 Re8 9. Qc2 Qe7 10.
e3 h6 11. Nh3 Ne5 12. Nf4 Nxc4 13. b3 Ne5 14. Bxe4 Nxe4 15. Qxe4 d5 16. Qxd5 g5 17. Nd3 Nxd3 18. Qxd3 Bh3 19. Re1 Rad8 20. Qe2 g4 21.
e4 Qxe4 22. f4 1-0

[Event "*** Titled Tuesday Blitz"]
[Site "Chess.com"]
[Date "2019.03.05"]
[Round "9"]
[White "GMMatamoros"]
[Black "Winehouse83"]
[Result "1-0"]
[WhiteElo "2538"]
[BlackElo "2512"]
[TimeControl "180+2"]
[EndTime "15:11:38 PST"]
[Termination "GMMatamoros won by resignation"]

1. Nf3 Nf6 2. c4 g6 3. g3 Bg7 4. Bg2 O-O 5. O-O d6 6. d4 Nbd7 7. Nc3 e5 8. e4 c6 9. b3 Qa5 10. Bd2 exd4 11. Nxd4 Qb6 12. Be3 Qb4 13. Rc1 a5 14. h3 Nc5 15. Ndb5 cxb5 16. Nxb5 Ncxe4 17. a3 Qxb5 18. cxb5 Be6 19. Bd4 d5 20. Rc7 Rfb8 21.
Qa1 Ne8 22. b6 Bxd4 23. Qxd4 Nxc7 24. bxc7 Rc8 25. Rc1 Ra6 26. Bf1 Rd6 27. Qa7 b6 28.
Ba6 Re8 29. Qb8 Rxb8 30. cxb8=Q+ Kg7 31. f3 1-0

[Event "*** Titled Tuesday Blitz"]
[Site "Chess.com"]
[Date "2019.03.05"]
[Round "9"]
[White "Andrew-FB00"]
[Black "GremioPrudente"]
[Result "0-1"]
[WhiteElo "1847"]
[BlackElo "2056"]
[TimeControl "180+2"]
[EndTime "15:11:39 PST"]
[Termination "GremioPrudente won by resignation"]

1. e4 e6 2. d4 d5 3. exd5 exd5 4. Bd3 Bd6 5. Qf3 Nf6 6. h3 O-O 7. Bg5 Qe8+ 8. Ne2 Ne4 9. Bf4 Bxf4 10. Qxf4 Nc6 11. c3 Be6 12. Bxe4 dxe4 13. Qxe4 Qd7 14. O-O Rfe8 15. Qf3 Bc4 16. Re1 Qe6 17. Nd2 Bxe2 18.
Qf4 Qd6 19. Qh4 Bd3 20. Nf3 Bg6 21. a3 Qf6 22. Qg3 Qd6 23. Qg5 h6 24. Qd2 Kf8 25. Nh4 Rxe1+ 26. Rxe1 Re8 27. Nxg6+ fxg6 28. Rd1 Qe7 29.
Qf4+ Kg8 30. Rd2 g5 31. Qf3 Qe1+ 0-1

[Event "*** Titled Tuesday Blitz"]
[Site "Chess.com"]
[Date "2019.03.05"]
[Round "9"]
[White "PowerThinking2650"]
[Black "Chessialist"]
[Result "0-1"]
[WhiteElo "2332"]
[BlackElo "2494"]
[TimeControl "180+2"]
[EndTime "15:11:56 PST"]
[Termination "Chessialist won by resignation"]

1. e4 e6 2. d4 d5 3. Nd2 a6 4. Ngf3 Nf6 5. e5 Nfd7 6. Bd3 c5 7. c3 Nc6 8. O-O g5 9. dxc5 Ncxe5 10. Nxe5 Nxe5 11.
Be2 Bxc5 12. Nf3 Nxf3+ 13. Bxf3 Be7 14. Re1 Bd7 15. Bh5 Qc7 16. Qd4 Rf8 17. Qg7 Bc6 18.
Bxg5 O-O-O 19. Bxe7 Qxe7 20. Bf3 Rg8 21. Qd4 Kb8 22.
Re5 Qd6 23. Rae1 Rg6 24. a4 Rdg8 25. a5 h6 26. h4 Qd8 27. g3 Qxa5 28. b4 Qc7 29. Kh2 f6 30. Rxe6 Rxg3 31. Re8+ Bxe8 32. Rxe8+ Rxe8 33. fxg3 Qe5 34. Qxd5 Qxd5 35. Bxd5 b5 36.
c4 bxc4 37. Bxc4 Ka7 38. Kh3 Re4 39. Bf7 Rxb4 40. g4 a5 41. Kg3 a4 0-1

[Event "*** Titled Tuesday Blitz"]
[Site "Chess.com"]
[Date "2019.03.05"]
[Round "9"]
[White "1stSecond"]
[Black "7Madman"]
[Result "1-0"]
[WhiteElo "2749"]
[BlackElo "2527"]
[TimeControl "180+2"]
[EndTime "15:11:58 PST"]
[Termination "1stSecond won by resignation"]

1. g3 Nf6 2. Bg2 e6 3. c4 d5 4.
Nf3 Be7 5. d4 O-O 6. O-O c6 7. Bf4 b6 8. Nc3 Bb7 9. Rc1 Nbd7 10. cxd5 cxd5 11. Nb5 Ne4 12. Nd2 Ndf6 13. Nxe4 Nxe4 14. Rc7 Ba6 15. Nxa7 Bd6 16. Bxd6 Qxd6 17.
Qc2 Bxe2 18. Rc1 Ba6 19. a4 Nf6 20. Qb3 Bc4 21. R1xc4 dxc4 22. Qxc4 Rad8 23. Nb5 Qxc7 24. Qxc7 Rc8 25. Qxb6 Rc1+ 26. Bf1 Ne4 27. Kg2 Rc2 28. d5 exd5 29. Bd3 Rxb2 30. Bxe4 dxe4 31. Qd4 Re2 32.
Nc3 Rc2 33. Nxe4 h6 34. Qd5 Rb8 35. a5 Rbb2 36. h4 Ra2 37. h5 Re2 38. Kh3 Reb2 39. f4 Kh7 40. Qxf7 1-0

[Event "*** Titled Tuesday Blitz"]
[Site "Chess.com"]
[Date "2019.03.05"]
[Round "9"]
[White "ENEASZ"]
[Black "vpantev"]
[Result "1-0"]
[WhiteElo "2396"]
[BlackElo "2631"]
[TimeControl "180+2"]
[EndTime "15:11:59 PST"]
[Termination "ENEASZ won by checkmate"]

1. d4 Nf6 2. c4 e6 3. Nf3 Bb4+ 4. Bd2 c5 5. Bxb4 cxb4 6. g3 O-O 7. Bg2 Qc7 8. Nbd2 d6 9. O-O e5 10. a3 bxa3 11. Rxa3 Nc6 12. d5 Nb4 13. e4 Bg4 14. h3 Bxf3 15. Qxf3 a5 16. Qd1 Nd7 17. f4 b5 18. cxb5 Qc5+ 19. Kh2 Qxb5 20. Rff3 Rfe8 21. Rfc3 Nc5 22. fxe5 dxe5 23. Nc4 Nb7 24. Ne3 g6 25. Ng4 Qb6 26. Qf3 Kg7 27. Rc6 Qd8 28. Rf6 Nd6 29. Qe3 h5 30. Qh6+ Kg8 31. Rxg6+ fxg6 32. Qxg6+ Kh8 33. Qxh5+ Kg8 34. Qg6+ Kh8 35. Qh6+ Kg8 36. Qg6+ Kh8 37. Nf6 Ra7 38. Qh6+ Rh7 39. Qxh7# 1-0

[Event "*** Titled Tuesday Blitz"]
[Site "Chess.com"]
[Date "2019.03.05"]
[Round "9"]
[White "Poghosyan_Suren"]
[Black "731291"]
[Result "0-1"]
[WhiteElo "2483"]
[BlackElo "2666"]
[TimeControl "180+2"]
[EndTime "15:12:04 PST"]
[Termination "731291 won by resignation"]

1. e4 c5 2. Nf3 e6 3. d3 d5 4. Nbd2 Nf6 5. g3 Nc6 6. Bg2 Be7 7. O-O b6 8. Re1 Bb7 9. exd5 Nxd5 10. Nc4 O-O 11. a4 Bf6 12. c3 Qc7 13. Nfd2 Rad8 14.
Ne4 Be7 15. Qc2 Rfe8 16. Ng5 h6 17. Ne4 Bf8 18. Ne3 Nxe3 19. Bxe3 e5 20. Rad1 f5 21. Nd2 f4 22. Nf3 fxe3 23. fxe3 e4 24. dxe4 Ne5 25.
Nh4 Rxd1 26. Rxd1 Rd8 27. Rf1 Ba6 28. Rf5 Bd3 29. Qf2 Be7 30. h3 Bxh4 31. gxh4 Qe7 32. h5 Rf8 33. Qf4 Nd7 34. Bf3 Bc4 35. Qc7 Be6 36.
Rxf8+ Qxf8 37. Bg4 Bxg4 38. hxg4 Nf6 39. Qf4 Qc8 40.
g5 hxg5 41. Qxg5 Qg4+ 42. Qxg4 Nxg4 0-1

[Event "*** Titled Tuesday Blitz"]
[Site "Chess.com"]
[Date "2019.03.05"]
[Round "9"]
[White "HanSchut"]
[Black "ShadyH9"]
[Result "0-1"]
[WhiteElo "2293"]
[BlackElo "2308"]
[TimeControl "180+2"]
[EndTime "15:12:04 PST"]
[Termination "ShadyH9 won on time"]

1. e4 c5 2. Nf3 Nc6 3. d4 cxd4 4. Nxd4 g6 5. c4 Bg7 6. Be3 Nf6 7. Nc3 O-O 8. Be2 d6 9. Qd2 Bd7 10. f3 Nxd4 11.
Bxd4 a5 12. b3 Bc6 13. Rb1 Nd7 14. Be3 Nc5 15. O-O Qb6 16. Rfc1 Rfc8 17. Nb5 Bxb5 18. cxb5 Qd8 19. Bc4 e6 20. Rd1 Be5 21. Qf2 Qe7 22. g3 Na4 23. f4 Bg7 24. Bd4 Bxd4 25. Qxd4 Nc5 26. Qxd6 Qxd6 27. Rxd6 Nxe4 28. Rd7 Nc5 29. Rd4 Kf8 30. Rbd1 Ke7 31. Kf2 Rd8 32. Ke3 Rxd4 33. Rxd4 b6 34. a3 h5 35. h3 Rc8 36. Rd1 Nb7 37.
Rc1 Nd6 38. g4 hxg4 39. hxg4 Nxb5 40. Rg1 Nxa3 0-1

[Event "*** Titled Tuesday Blitz"]
[Site "Chess.com"]
[Date "2019.03.05"]
[Round "9"]
[White "cherryandmint"]
[Black "tunadrol"]
[Result "0-1"]
[WhiteElo "2601"]
[BlackElo "2509"]
[TimeControl "180+2"]
[EndTime "15:12:05 PST"]
[Termination "tunadrol won by resignation"]

1. e4 c5 2. Nf3 d6 3. d4 cxd4 4. Nxd4 Nf6 5. Nc3 a6 6. g3 e5 7. Nde2 Be6 8. Bg2 Be7 9. O-O Nbd7 10. a4 O-O 11. h3 Rc8 12. g4 h6 13. a5 Rc5 14.
Nd5 Bxd5 15. exd5 Rxa5 16. Rxa5 Qxa5 17. Ng3 Rc8 18. Nf5 Bf8 19. h4 Qd8 20. g5 hxg5 21.
hxg5 Nh7 22. Qg4 g6 23. Nh4 Be7 24. f4 Rxc2 25. f5 Qb6+ 26. Kh1 Qd4 27. Qxd4 exd4 28. fxg6 fxg6 29. Be4 Rc7 30. Bxg6 Ne5 31. Bf5 Bxg5 32. Be6+ Kg7 33. Nf5+ Kg6 34. Bxg5 Nxg5 35. Nxd6 Nxe6 36. dxe6 Re7 0-1